 Dungeon Crawl Stone Soup version 0.29.1-2-gbd0b4ee654 (webtiles) character file.

Game seed: 14460582490552626931

32 KittyFluff the Trooper (level 3, -5/23 HPs)
             Began as a Gargoyle Berserker on Nov 12, 2022.
             Was a Follower of Trog.
             Slain by a gnoll
             ... wielding a +0 flail
              (11 damage)
             ... on level 1 of the Dungeon.
             The game lasted 00:02:25 (995 turns).

KittyFluff the Trooper (Gargoyle Berserker)          Turns: 995, Time: 00:02:26

Health: -5/23      AC:  5    Str: 20    XL:     3   Next: 25%
Magic:  3/3        EV: 12    Int:  7    God:    Trog [*.....]
Gold:   60         SH:  0    Dex: 11    Spells: 2/2 levels left

rFire   . . .      SeeInvis .   a - +0 mace
rCold   . . .      Faith    .   (no shield)
rNeg    + . .      Spirit   .   b - +0 animal skin
rPois   ∞          Reflect  .   (no helmet)
rElec   +          Harm     .   (no cloak)
rCorr   .          Rampage  .   (no gloves)
Will    .....                   (no boots)
Stlth   +.........              (no amulet)
HPRegen 0.07/turn               (no ring)
MPRegen 0.08/turn               (no ring)

@: no status effects
A: sickness immunity, AC +3, negative energy resistance 1, electricity
resistance, torment resistance 1, petrification resistance
a: Renounce Religion, Berserk


You were on level 1 of the Dungeon.
You worshipped Trog.
Trog was aware of your devotion.
You visited 1 branch of the dungeon, and saw 1 of its levels.

You collected 60 gold pieces.

Inventory:

Hand Weapons
 a - a +0 mace (weapon)
Missiles
 d - 3 poisoned darts (quivered)
Armour
 b - a +0 animal skin (worn)
Scrolls
 c - 2 scrolls of teleportation {unknown}
 f - a scroll of magic mapping {unknown}
 g - 2 scrolls of fear {unknown}
Potions
 e - a potion of mutation {unknown}


   Skills:
 + Level 3.6 Fighting
 + Level 3.5 Maces & Flails
 * Level 2.5 Armour
 + Level 1.9 Dodging


You had 2 spell levels left.
You didn't know any spells.
Your spell library was empty.

Dungeon Overview and Level Annotations

Branches:
Dungeon (1/15)

Altars:


Innate Abilities, Weirdness & Mutations

You are immune to sickness and miasma.
Your stone body is resilient. (AC +3)
You are immune to poison.
You resist negative energy. (rN+)
You are resistant to electric shocks. (rElec)
You are resistant to unholy torment.
You are immune to petrification.


Message History

You hit the kobold.
The kobold is moderately wounded.
The kobold misses you.
You barely miss the kobold.
The kobold is moderately wounded.
The kobold closely misses you.
You hit the kobold.
You kill the kobold!
Trog accepts your kill.
Things that are here:
a +1 dagger of freezing; a +0 dagger
Things that are here:
a +1 dagger of freezing; a +0 dagger
Found a viscous grey potion.
A frilled lizard comes into view.
The frilled lizard moves out of view.
An endoplasm comes into view.
The endoplasm quivers.
You see here a viscous grey potion.
A gnoll comes into view. It is wielding a +0 flail.
You hit the frilled lizard.
You kill the frilled lizard!
Trog accepts your kill.
The gnoll shouts!
The endoplasm freezes you.
You are frozen.
You hit the endoplasm but do no damage. The endoplasm freezes you.
You are frozen.
You sock the endoplasm!
You kill the endoplasm!
Trog accepts your kill. The gnoll hits you with a +0 flail.
You closely miss the gnoll. The gnoll barely misses you.
You barely miss the gnoll. The gnoll hits you but does no damage.
The gnoll hits you with a +0 flail.
You closely miss the gnoll. The gnoll hits you with a +0 flail.
* * * LOW HITPOINT WARNING * * *
You closely miss the gnoll. The gnoll hits you with a +0 flail!
You die...

###### #
#..... ###.
##.### .
...##### ##
#.# # .. .
..... .##
#######.###
#.#.#... ..
.........÷.
##...#..# .#
####.....##
#.......###.#
#.###'##
#.!.@g.#
#.#.....
#...#### #
#..... #.#.#
#..... #.#.#
#.###. #.#.#
# #.#÷#.
#.#...#
#.###.
#.##..###
#.....
########
#.##.....
#..<..
.......#
#.....###
#.....


You could see a gnoll.

Vanquished Creatures
  3 ball pythons (D:1)
  2 endoplasms (D:1)
  3 giant cockroaches (D:1)
  6 goblins (D:1)
  A hobgoblin (D:1)
  2 jackals (D:1)
  4 kobolds (D:1)
  A bat (D:1)
  4 frilled lizards (D:1)
  3 rats (D:1)
29 creatures vanquished.

Notes
Turn   | Place    | Note
-------+----------+-------------------------------------------
     0 | D:1      | KittyFluff the Gargoyle Berserker began the quest for the
                  | Orb.
     0 | D:1      | Reached XP level 1. HP: 14/14 MP: 1/1
   386 | D:1      | Reached XP level 2. HP: 18/19 MP: 2/2
   561 | D:1      | Reached XP level 3. HP: 7/23 MP: 3/3
   906 | D:1      | Found a faded altar of an unknown god.
   995 | D:1      | Slain by a gnoll

Illustrated notes

Levels and vault maps discovered:
D:1:      nicolae_arrival_memento_mori, layout_basic,
          ebering_ecumenical_altar_mist, serial_park_tiny_pond

Action                   || total
-------------------------++-------
Melee: Mace              ||    82
Armor: Animal skin       ||    33
Dodge: Dodged            ||    61
